 Dungeon Crawl Stone Soup version 0.31-a0-210-gccc998df9b (webtiles) character file.

Game seed: 10340092352746399158

27244 holysushi the Imperceptible (level 13, -4/74 HPs)
             Began as a Kobold Monk on June 30, 2023.
             Was an Initiate of Gozag.
             Slain by an ironbound frostheart (13 damage)
             ... in an ice cave.
             The game lasted 00:24:39 (16838 turns).

holysushi the Imperceptible (Kobold Monk)          Turns: 16838, Time: 00:24:40

Health: -4/74      AC:  3    Str:  9    XL:     13   Next: 64%
Magic:  13/13      EV: 36    Int: 12    God:    Gozag
Gold:   1016       SH:  5    Dex: 21    Spells: 10/12 levels left

rFire   + . .        r - +7 captain's cutlass {speed, disarm}
rCold   + . .        s - +0 buckler
rNeg    . . .        I - +0 robe of Compassion {Regen+}
rPois   .            (no helmet)
rElec   .            H - scarf {rC+ rF+}
rCorr   .            y - +0 pair of gloves
SInv    .            (no boots)
Will    .....        D - amulet of regeneration
Stlth   +++++++++    l - +5 ring of evasion
HPRegen 1.92/turn    h - +5 ring of evasion
MPRegen 0.13/turn

%: no passive effects
@: no status effects
A: small, no large weapons, nightstalker 3
a: Renounce Religion, Potion Petition, Call Merchant, Bribe Branch


You were in an ice cave.
You worshipped Gozag.
Gozag was most pleased with you.
You visited 3 branches of the dungeon, and saw 14 of its levels.
You also visited: Ice Cave.

You collected 3449 gold pieces.
You spent 219 gold pieces at shops.
You paid 2214 gold pieces to Gozag.

Inventory:

Hand Weapons
 a - a +1 dagger of draining
 r - the +7 captain's cutlass (weapon) {speed, disarm}
   (You found it on level 6 of the Dungeon)
Armour
 b - a +1 robe
 d - an orb of light
 p - the +2 cloak of Purpose {Rampage +Blink Str+5}
   (You found it on level 6 of the Dungeon)

   Str:       It affects your strength (+5).
   +Blink:    It lets you blink.
   Rampage:   It bestows one free step when moving towards enemies.
 s - a +0 buckler (worn)
 v - a +2 robe of fire resistance
 y - a +0 pair of gloves (worn)
 H - a scarf of resistance (worn)
 I - the +0 robe of Compassion (worn) {Regen+}
   (You bought it in a shop on level 1 of the Lair of Beasts)

   Regen:     It increases your rate of health regeneration.
Jewellery
 h - a +5 ring of evasion (right hand)
 l - a +5 ring of evasion (left hand)
 D - an amulet of regeneration (around neck)
Wands
 k - a wand of polymorph (14)
 n - a wand of acid (10)
 u - a wand of flame (23)
 w - a wand of mindburst (13)
 K - a wand of charming (14)
 M - a wand of digging (10)
Scrolls
 c - 3 scrolls of noise
 e - 3 scrolls of fear
 g - a scroll of silence
 j - 2 scrolls of teleportation
 m - a scroll of blinking
 q - 3 scrolls of identify
 B - a scroll of vulnerability
 C - a scroll of amnesia
 J - 2 scrolls of fog
Potions
 f - 4 potions of curing
 i - 3 potions of attraction
 o - 2 potions of cancellation
 t - a potion of enlightenment
 z - a potion of mutation
 A - a potion of brilliance
 E - 2 potions of haste
 L - 2 potions of might
Miscellaneous
 x - a phial of floods
 F - a box of beasts
 G - a tin of tremorstones (2/2)


   Skills:
 - Level 6.0 Fighting
 - Level 14.0 Short Blades
 + Level 15.0 Dodging
 + Level 21.9 Stealth
 - Level 1.0 Shields
 - Level 6.0 Evocations


You had 10 spell levels left.
You knew the following spells:

 Your Spells              Type           Power      Damage    Failure   Level
a - Wereblood             Tmut           0%         N/A       58%         2

Your spell library contained the following spells:

 Spells                   Type           Power      Damage    Failure   Level
 Magic Dart               Conj           0%         1d3       45%         1
 Sandblast                Erth           0%         2d4       45%         1
 Summon Small Mammal      Summ           0%         N/A       45%         1
 Call Imp                 Summ           0%         N/A       58%         2
 Ensorcelled Hibernation  Hex/Ice        0%         N/A       58%         2
 Lesser Beckoning         Tloc           0%         N/A       58%         2
 Passwall                 Tmut/Erth      0%         N/A       58%         2
 Sublimation of Blood     Necr           0%         N/A       58%         2
 Call Canine Familiar     Summ           0%         N/A       83%         3
 Gell's Gravitas          Tloc           0%         N/A       83%         3
 Mephitic Cloud           Conj/Pois/Air  0%         N/A       83%         3
 Ozocubu's Armour         Ice            0%         N/A       83%         3
 Stone Arrow              Conj/Erth      0%         3d7       83%         3
 Summon Guardian Golem    Hex/Summ       0%         N/A       83%         3
 Swiftness                Air            0%         N/A       83%         3
 Teleport Other           Tloc           0%         N/A       83%         3
 Ozocubu's Refrigeration  Ice            0%         4d7       100%        7
 Summon Hydra             Summ           0%         N/A       100%        7


Dungeon Overview and Level Annotations

Branches:
Dungeon (11/15) Zot: 25976  Temple (1/1) D:5 Zot: 5931    Lair (2/5) D:11 Zot: 10751
  Snake (0/4) Lair:2          Orc (0/2) D:11          IceCv (1/1) Zot: 5146
  Swamp: Lair:2-3    Shoals: Lair:2-3

Altars:
Ashenzari
Cheibriados
Dithmenos
Elyvilon
Fedhas
Gozag
Hepliaklqana
Kikubaaqudgha
Makhleb
Nemelex Xobeh
Okawaru
Qazlal
Ru
Sif Muna
Trog
Uskayaw
Vehumet
Wu Jian
Xom
Yredelemnul
Zin
The Shining One

Shops:
D:2 (   D:11 (=   Lair:1 [

Annotations:
D:8 3 runed translucent doors


Innate Abilities, Weirdness & Mutations

You are small and have problems with some larger weapons.
You are completely attuned to the shadows.


Message History

An ironbound frostheart is nearby!
You puncture the ironbound frostheart!
The ironbound frostheart is lightly wounded.
You hit the ironbound frostheart.
The ironbound frostheart is lightly wounded.
The ironbound frostheart calls freezing cold from the walls.
The frost grips you! You resist.
You are encased in ice.
You completely miss the ironbound frostheart.
The ironbound frostheart is lightly wounded.
You completely miss the ironbound frostheart.
The ironbound frostheart is lightly wounded.
You barely miss the ironbound frostheart.
The ironbound frostheart is lightly wounded.
The ironbound frostheart calls freezing cold from the walls.
The frost grips you! You resist.
You impale the ironbound frostheart!!
The ironbound frostheart is heavily wounded.
You hit the ironbound frostheart.
The ironbound frostheart is heavily wounded.
The ironbound frostheart misses you.
You barely miss the ironbound frostheart.
The ironbound frostheart is heavily wounded.
You puncture the ironbound frostheart!
The ironbound frostheart is severely wounded.
You hit the ironbound frostheart.
The ironbound frostheart is severely wounded.
The ice encasing you melts away. The ironbound frostheart touches you!!
The ironbound frostheart freezes you! You resist.
* * * LOW HITPOINT WARNING * * *
You hit the ironbound frostheart.
The ironbound frostheart is almost dead.
You closely miss the ironbound frostheart.
The ironbound frostheart is almost dead.
The ironbound frostheart touches you!
* * * LOW HITPOINT WARNING * * *
The ironbound frostheart freezes you! You resist.
You die...
Your body crumbles into a pile of gold.

.# ##..⌠..#.## ##
##.....## ##...####
####...##
#######....###
#....#...###
.##....### ###
######## ######.##
.### ##...#.#@###
...## #.....###p.#
....######...##..###
##.....#####..##...#
##.....####..###...#
###....#...## ...p
###....### ...#
..##### ##. $


You could see an ironbound frostheart.

Vanquished Creatures
  3 two-headed ogres
  4 death yaks (IceCv)
  An ugly thing (IceCv)
  Pikel (D:4)
  A manticore (D:11)
  A cyclops (D:11)
  An ice statue (IceCv)
  5 black mambas
  A cane toad (Lair:2)
  2 gargoyles (D:11)
  2 rime drakes
  3 kobold demonologists
  A komodo dragon (D:10)
  2 ice devils (Lair:2)
  3 trolls (D:11)
  9 polar bears (IceCv)
  2 hornets
  Grinder (D:5)
  A slime creature (D:11)
  A wraith (D:9)
  37 yaks
  2 wyverns (D:10)
  Grum (D:11)
  3 steam dragons
  Menkaure (D:4)
  An acid dragon (D:11)
  10 water moccasins
  Duvessa (D:4)
  7 orc warriors
  An ice beast (D:8)
  2 ogres (D:5)
  20 wolves
  6 centaurs
  3 phantoms
  A lemure (D:4)
  4 kobold brigands
  4 bullfrogs
  2 gnoll sergeants
  Blork the orc (D:4)
  2 scorpions (D:5)
  Dowan (D:4)
  6 killer bees
  2 howler monkeys
  7 orc priests
  5 jellies
  4 hounds
  5 iguanas
  4 sleepcaps
  9 orc wizards
  6 hell rats (Lair:1)
  18 gnolls
  7 adders
  A shadow imp (D:8)
  3 white imps
  An ufetubus (D:4)
  2 worms
  A dart slug (D:1)
  41 orcs
  8 ball pythons
  6 endoplasms
  4 giant cockroaches
  10 goblins
  5 hobgoblins
  7 quokkas
  7 bats
  2 frilled lizards (D:3)
  26 kobolds
  13 rats
365 creatures vanquished.

Notes
Turn   | Place    | Note
-------+----------+-------------------------------------------
     0 | D:1      | holysushi the Kobold Monk began the quest for the Orb.
     0 | D:1      | Reached XP level 1. HP: 14/14 MP: 1/1
    72 | D:1      | Reached XP level 2. HP: 19/19 MP: 2/2
   165 | D:1      | Reached XP level 3. HP: 23/23 MP: 3/3
   463 | D:1      | Reached skill level 5 in Short Blades
   715 | D:2      | Reached XP level 4. HP: 28/28 MP: 4/4
   741 | D:2      | Found a shimmering altar of Xom.
  1351 | D:1      | Reached skill level 5 in Dodging
  1351 | D:1      | Reached XP level 5. HP: 8/32 MP: 5/5
  1522 | D:2      | Found Eheack's Weapon Shop.
  1527 | D:2      | Bought a +0 rapier for 48 gold pieces
  1625 | D:2      | Found a faded altar of an unknown god.
  2149 | D:3      | Learned a level 2 spell: Wereblood
  2188 | D:3      | Found an ornate altar of the Wu Jian Council.
  2286 | D:3      | Found an opulent altar of Gozag.
  2295 | D:3      | Became a worshipper of Gozag Ym Sagoz the Greedy
  2465 | D:3      | Reached XP level 6. HP: 37/37 MP: 6/6
  2988 | D:4      | Found a radiant altar of Vehumet.
  3131 | D:4      | Noticed Pikel
  3192 | D:4      | Killed Pikel
  3193 | D:4      | Reached XP level 7. HP: 12/41 MP: 7/7
  3193 | D:4      | Reached XP level 8. HP: 13/46 MP: 8/8
  3636 | D:4      | Noticed Menkaure
  4025 | D:4      | Killed Menkaure
  4332 | D:4      | Noticed Dowan
  4332 | D:4      | Noticed Duvessa
  4648 | D:4      | Noticed Blork the orc
  4709 | D:4      | Killed Blork the orc
  4850 | D:5      | Entered Level 5 of the Dungeon
  4928 | D:5      | Noticed Grinder
  5151 | D:5      | Reached skill level 1 in Stealth
  5151 | D:5      | Reached XP level 9. HP: 31/51 MP: 9/9
  5277 | D:5      | Paralysed by Grinder for 5 turns
  5291 | D:5      | Killed Grinder
  5292 | D:5      | Reached skill level 3 in Stealth
  5469 | D:5      | Reached skill level 4 in Stealth
  5737 | D:5      | Found a staircase to the Ecumenical Temple.
  5898 | Temple   | Entered the Ecumenical Temple
  6412 | D:6      | Reached skill level 5 in Stealth
  6552 | D:6      | Found a broken altar of Ashenzari.
  6937 | D:5      | Reached skill level 6 in Stealth
  6983 | D:6      | Identified the +2 cloak of Purpose {Rampage +Blink Str+5}
  7185 | D:6      | Reached skill level 1 in Evocations
  7326 | D:6      | Found the +7 captain's cutlass {speed, disarm}
  7361 | D:6      | Reached skill level 7 in Stealth
  7361 | D:6      | Reached XP level 10. HP: 56/56 MP: 10/10
  7364 | D:6      | Reached skill level 8 in Stealth
  7365 | D:6      | Reached skill level 9 in Stealth
  7387 | D:6      | Found a shimmering blue altar of Sif Muna.
  7826 | D:7      | Reached skill level 10 in Stealth
  7905 | D:7      | Reached skill level 1 in Shields
  8408 | D:4      | Killed Dowan
  8417 | D:4      | Killed Duvessa
  9217 | D:2      | Found a shimmering altar of Xom.
  9238 | D:2      | Found Eheack's Weapon Shop.
  9348 | D:2      | Found a faded altar of an unknown god.
  9397 | D:3      | Found an ornate altar of the Wu Jian Council.
  9739 | D:3      | Found an opulent altar of Gozag.
 10488 | D:8      | Found a hide-covered altar of Uskayaw.
 10505 | D:8      | Reached skill level 5 in Fighting
 11268 | D:8      | Reached skill level 11 in Stealth
 11284 | D:8      | Found a runed translucent gate.
 11285 | D:8      | Found a runed translucent gate.
 11286 | D:8      | Found a runed translucent gate.
 11354 | D:8      | Noticed a spectral unseen horror
 11663 | D:9      | Reached skill level 5 in Evocations
 11663 | D:9      | Reached XP level 11. HP: 64/64 MP: 11/11
 11863 | D:9      | Noticed a two-headed ogre
 11865 | D:9      | Killed a two-headed ogre
 11916 | D:9      | Noticed a two-headed ogre
 11918 | D:9      | Killed a two-headed ogre
 11919 | D:9      | Reached skill level 12 in Stealth
 12376 | D:9      | Found a blossoming altar of Fedhas.
 12381 | D:9      | Found an ancient bone altar of Kikubaaqudgha.
 12430 | D:10     | Entered Level 10 of the Dungeon
 13057 | D:10     | Reached skill level 10 in Dodging
 13057 | D:10     | Reached skill level 13 in Stealth
 13299 | D:11     | Found a staircase to the Orcish Mines.
 13436 | D:11     | Noticed Grum
 13445 | D:11     | Killed Grum
 13467 | D:11     | Noticed a manticore
 13469 | D:11     | Killed a manticore
 13515 | D:11     | Noticed a two-headed ogre
 13518 | D:11     | Killed a two-headed ogre
 13519 | D:11     | Reached skill level 14 in Stealth
 13519 | D:11     | Reached XP level 12. HP: 70/70 MP: 12/12
 13791 | D:11     | Reached skill level 15 in Stealth
 13856 | D:11     | Found a staircase to the Lair.
 14380 | Lair:1   | Entered Level 1 of the Lair of Beasts
 14795 | Lair:1   | Bought a distressingly furry robe for 171 gold pieces
 14795 | Lair:1   | Identified the +0 robe of Compassion {Regen+} (You bought
                  | it in a shop on level 1 of the Lair of Beasts)
 15491 | Lair:2   | Identified a scroll of acquirement
 15493 | Lair:2   | Acquired a manual of Stealth
 15521 | Lair:2   | Found a staircase to the Snake Pit.
 15609 | Lair:2   | Reached skill level 16 in Stealth
 15700 | Lair:2   | Found a frozen archway.
 15744 | IceCv    | Entered an ice cave
 15830 | IceCv    | Reached skill level 17 in Stealth
 15830 | IceCv    | Reached XP level 13. HP: 62/74 MP: 13/13
 15993 | IceCv    | Reached skill level 18 in Stealth
 16134 | IceCv    | Reached skill level 15 in Dodging
 16202 | IceCv    | Reached skill level 19 in Stealth
 16293 | IceCv    | Reached skill level 20 in Stealth
 16382 | IceCv    | Noticed an ironbound frostheart
 16382 | IceCv    | Noticed an ironbound frostheart
 16458 | IceCv    | Reached skill level 21 in Stealth
 16838 | IceCv    | Slain by an ironbound frostheart

Illustrated notes

Levels and vault maps discovered:
D:1:      lemuel_arrival_lava_pool, layout_rooms
D:2:      layout_basic, dilly_ecumenical_altar_fadedgnrine, basic_altar,
          serial_shops, nicolae_shop_bloodbath_and_beyond, st_stairs_8
D:3:      layout_loops_ring, overflow_temple_1_default,
          mainiacjoe_overflow_cross_hatched, lexackson_kobold_supper
D:4:      layout_basic, mainiacjoe_overflow_small_starburst, serial_rivers,
          chequers_serial_rivers_micro_b, chequers_serial_rivers_micro_e,
          chequers_serial_rivers_room_a, chequers_serial_rivers_micro_a,
          chequers_serial_rivers_small_3, chequers_serial_rivers_micro_e,
          solitary_fountain, kennysheep_generic_room_3, uniq_duvessa,
          uniq_blork_the_orc, uniq_menkaure, uniq_pikel
D:5:      layout_cave_pods, temple_green, uniq_grinder
D:6:      layout_rooms, kennysheep_mini, nicolae_ashenzari_panopticon
D:7:      layout_loops_ring
D:8:      layout_loops_corners, eat_drink_and_be_merry_uskayaw,
          gammafunk_ghost_necromancy
D:9:      layout_loops_ring, grunt_temple_overflow_growth_and_decay
D:10:     layout_loops_ring
D:11:     minmay_general_purpose_star, layout_stronghold, lair_entry_dummy,
          minmay_orc_entry_temple_small, uniq_grum
Temple:   nicolae_temple_ecumenical_triangle
Lair:1:   layout_cave_shapes, lemuel_old_faithful
Lair:2:   layout_loops_ring, minmay_snake_entry_six_corridors,
          portal_ice_cave_demonic_guard
IceCv:    ice_cave_caverns_01

Skill      XL: |  1  2  3  4  5  6  7  8  9 10 11 12 13 |
---------------+----------------------------------------+-----
Dodging        | 4 5 6 7 8 11 14 15 | 15.0
Short Blades   | 5 7 11 12 14 | 14.0
Stealth        | 1 7 11 14 17 21 | 21.9
Evocations     | 2 5 6 |  6.0
Fighting       | 4 5 6 |  6.0
Shields        | 1 |  1.0

Action                     |  1- 3 |  4- 6 |  7- 9 | 10-12 | 13-15 || total
---------------------------+-------+-------+-------+-------+-------++-------
  Melee: Short sword       |    73 |    70 |       |       |       ||   143
         Rapier            |       |   144 |   426 |       |       ||   570
         Punch             |       |       |     5 |       |       ||     5
         Cutlass           |       |       |     2 |   594 |   337 ||   933
 Invoke: Call Merchant     |       |       |       |     3 |       ||     3
    Use: Potion            |       |     6 |     1 |       |       ||     7
         Scroll            |       |     8 |     5 |    10 |       ||    23
   Stab: Sleeping          |     3 |     4 |    13 |    62 |    13 ||    95
         Distracted        |       |       |     1 |     2 |     4 ||     7
 Armour: Robe              |     8 |     7 |    14 |    17 |     7 ||    53
         Skin              |       |    13 |       |       |       ||    13
  Dodge: Dodged            |    64 |   171 |   357 |   305 |   140 ||  1037
  Block: Buckler           |       |       |       |    65 |    42 ||   107

Table legend: (Time is in decaauts)
 A = Elapsed time spent in this place.
 B = Non-inter-level travel time spent in this place.
 C = Inter-level travel time spent in this place.
 D = Time resting spent in this place.
 E = Time spent auto-exploring this place.
 F = Levels seen in this place.
 G = Mean time per level.
                   A        B        C        D        E       F      G
               +--------+--------+--------+--------+--------+-----+--------+
         Total |  15987 |  14986 |   1001 |   1816 |  10072 |  15 | 1065.8 |
       Dungeon |  13817 |  12841 |    976 |   1498 |   8878 |  11 | 1256.1 |
        Temple |     68 |     62 |      6 |      0 |     51 |   1 |   68.0 |
          Lair |   1248 |   1229 |     19 |      2 |    941 |   2 |  624.0 |
      Ice Cave |    853 |    853 |      0 |    316 |    202 |   1 |  853.0 |
               +--------+--------+--------+--------+--------+-----+--------+

Top non-repeatable levels by time:
     D:3: 2109 daAuts
     D:4: 1881 daAuts
     D:2: 1772 daAuts
     D:5: 1498 daAuts
     D:8: 1178 daAuts
    D:11: 1023 daAuts
     D:6: 1015 daAuts
  Lair:1: 916 daAuts
     D:7: 893 daAuts
     D:1: 860 daAuts
   IceCv: 853 daAuts
    D:10: 813 daAuts
     D:9: 770 daAuts
  Lair:2: 332 daAuts
  Temple: 68 daAuts
